 Dungeon Crawl Stone Soup version 0.31-a0-152-g6aa68a64a1 (webtiles) character file.

Game seed: 7223972380427358726

833 qw the Chopper (level 7, -6/44 HPs)
             Began as a Gargoyle Fighter on June 10, 2023.
             Mangled by a wight
             ... wielding a +0 battleaxe
              (13 damage)
             ... on level 5 of the Dungeon.
             The game lasted 00:02:16 (3631 turns).

qw the Chopper (Gargoyle Fighter)                   Turns: 3631, Time: 00:02:16

Health: -6/44      AC: 24    Str: 20    XL:     7   Next: 98%
Magic:  7/7        EV:  6    Int:  8    God:
Gold:   257        SH:  4    Dex: 13    Spells: 6/6 levels left

rFire   . . .        Y - +0 war axe
rCold   . . .        c - +0 buckler
rNeg    + . .        p - +0 plate armour
rPois   inf          n - +0 helmet
rElec   +            g - +0 cloak
rCorr   .            e - +0 pair of gloves
SInv    .            f - +2 pair of boots
Will    .....        m - amulet of faith Stlth
                     (no ring)
HPRegen 0.27/turn    (no ring)
MPRegen 0.10/turn

%: faith
@: about to teleport
A: sickness immunity, AC +4, negative energy resistance 1, electricity
resistance, torment resistance 1, petrification resistance, talons 1, agile 1
a: no special abilities


You were on level 5 of the Dungeon.
You visited 1 branch of the dungeon, and saw 5 of its levels.
You also visited: Sewer.

You collected 257 gold pieces.


Innate Abilities, Weirdness & Mutations

You are immune to sickness and miasma.
Your stone body is resilient. (AC +4)
You are immune to poison.
You resist negative energy. (rN+)
You are resistant to electric shocks. (rElec)
You are resistant to unholy torment.
You are immune to petrification.
You have sharp toenails.
You are agile. (Dex +4, Str/Int -1)


   Skills:
 - Level 4.6 Fighting
 + Level 6.4 Axes
 - Level 5.1 Armour
 - Level 1.9 Dodging
 - Level 3.2 Shields


You had 6 spell levels left.
You didn't know any spells.
Your spell library was empty.

Inventory:

Hand Weapons
 t - a +2 mace of holy wrath
 Y - a +0 war axe (weapon)
Missiles
 r - a boomerang
Armour
 c - a +0 buckler (worn)
 e - a +0 pair of gloves (worn)
 f - a +2 pair of boots (worn)
 g - a +0 cloak (worn)
 n - a +0 helmet (worn)
 p - a +0 plate armour (worn)
Jewellery
 m - an amulet of faith (around neck)
 q - a ring of fire
Scrolls
 b - a scroll of identify
Potions
 a - a potion of haste
 d - a potion of might
 h - a potion of attraction
 i - 2 potions of heal wounds
 l - a potion of curing
 o - a potion of invisibility {unknown}
 s - a potion of ambrosia {unknown}

Dungeon Overview and Level Annotations

Branches:
Dungeon (5/15)              Sewer (visited)
 Temple: D:4-7

Altars:
Gozag

Shops:
D:4 *


Message History

You slash the wight!
The wight is almost destroyed.
You slash the jackal!
You kill the jackal!
You hit the wight but do no damage. You block the wight's attack.
The wight hits you from afar with a +0 halberd.
The wight hits you but does no damage.
You hit the wight.
The wight is almost destroyed.
You barely miss the wight.
The wight hits you but does no damage. x2; The wight barely misses you.
You barely miss the wight.
The wight is almost destroyed.
You completely miss the wight. The wight closely misses you.
You slash the wight!
You destroy the wight!
You hit the centaur. You block the wight's attack.
The centaur hits you but does no damage.
The centaur kicks you but does no damage.
The wight closely misses you.
You hit the wight.
The wight is heavily damaged.
You slash the centaur! You closely miss the wight.
The centaur hits you but does no damage.
The centaur barely misses you.
The centaur hits you but does no damage.
The centaur kicks you but does no damage.
The wight hits you with a +3 mace.
The wight hits you from afar with a +0 halberd.
The wight hits you with a +0 battleaxe!
3631 ||| READING scroll of teleportation.
As you read the scroll of teleportation, it crumbles to dust.
You feel strangely unstable.
The centaur hits you but does no damage.
The centaur kicks you but does no damage.
The wight hits you but does no damage. The wight hits you with a +0 battleaxe!
You die...

#.# #.## ...#
#..# #..# #..# #
..######.(#.#
.....zc@%<.#
.....zzz..#......
.#######..# ##.<#
..... . ##.##.#
#.. .# #.# . #.#
..


You could see a centaur and 4 wights.

Vanquished Creatures
  6 kobold brigands (Sewer)
  A scorpion (D:4)
  A wight (D:5)
  A hound (D:4)
  A jelly (D:4)
  Robin (D:3)
  11 adders
  A river rat (Sewer)
  6 worms
  5 orcs
  7 ball pythons
  12 endoplasms
  8 giant cockroaches
  12 goblins
  5 hobgoblins
  2 jackals (D:5)
  5 kobolds
  4 quokkas
  4 bats
  A frilled lizard (D:1)
  14 rats
108 creatures vanquished.

Notes
Turn   | Place    | Note
-------+----------+-------------------------------------------
     0 | D:1      | qw the Gargoyle Fighter began the quest for the Orb.
     0 | D:1      | Reached XP level 1. HP: 14/14 MP: 1/1
     0 | D:1      | 0 ||| qw: Version: 0.2-a-29-gd901d54
     0 | D:1      | 0 ||| qw: Game counter: 3946
     0 | D:1      | 0 ||| qw: Always use a shield: true
     0 | D:1      | 0 ||| qw: God list: Okawaru
     0 | D:1      | 0 ||| qw: Allow faded altars: false
     0 | D:1      | 0 ||| qw: Do Orc after D:15 true
     0 | D:1      | 0 ||| qw: Do second Lair branch before Depths: true
     0 | D:1      | 0 ||| qw: Lair rune preference: random
     0 | D:1      | 0 ||| qw: Plans: Normal, Zot:1-4, Slime:5, God:TSO, Crypt,
                  | Tomb, Abyss, Pan, Hells, Win
     0 | D:1      | 0 ||| PLANNING D:1-11
    90 | D:1      | Reached skill level 2 in Axes
   166 | D:1      | 166 ||| Stepping ~*~*~tactically~*~*~ (stealth).
   174 | D:1      | Reached XP level 2. HP: 19/19 MP: 2/2
   640 | D:1      | 640 ||| UPGRADING to +0 pair of gloves.
   645 | D:1      | 645 ||| UPGRADING to +2 pair of boots.
   650 | D:1      | 650 ||| READING scroll labelled WOUSE TOAMMA.
   651 | D:1      | 651 ||| DRINKING 2 purple potions.
   652 | D:1      | 652 ||| DRINKING 2 lumpy clear potions.
   762 | D:2      | Reached skill level 3 in Axes
   766 | D:2      | Reached XP level 3. HP: 23/23 MP: 3/3
   953 | D:2      | 953 ||| Stepping ~*~*~tactically~*~*~ (stealth).
   974 | D:2      | Reached XP level 4. HP: 27/28 MP: 4/4
  1106 | D:2      | Reached skill level 4 in Axes
  1296 | D:2      | Found a faded altar of an unknown god.
  1471 | D:2      | 1471 ||| UPGRADING to amulet of faith.
  1476 | D:2      | 1476 ||| READING scroll labelled WONEUVVEJO.
  1477 | D:2      | 1477 ||| READING scroll labelled VOMUOL ISMOST.
  1523 | D:3      | 1523 ||| Stepping ~*~*~tactically~*~*~ (stealth).
  1527 | D:3      | Noticed Robin
  1537 | D:3      | Killed Robin
  2063 | D:3      | 2063 ||| UPGRADING to +0 helmet.
  2068 | D:3      | 2068 ||| UPGRADING to +0 plate armour.
  2078 | D:3      | 2078 ||| DROPPING +0 scale mail.
  2079 | D:3      | 2079 ||| READING scroll labelled VUWASOITUR.
  2080 | D:3      | 2080 ||| DRINKING 2 bubbling white potions.
  2080 | D:3      | Gained mutation: You are vulnerable to heat. (rF-) [potion
                  | of mutation]
  2080 | D:3      | Gained mutation: You expend magic power (3 MP) to
                  | strengthen your wands. [potion of mutation]
  2080 | D:3      | Gained mutation: You passively dampen the noise of your
                  | surroundings. [potion of mutation]
  2081 | D:3      | 2081 ||| DRINKING potion of mutation.
  2081 | D:3      | Lost mutation: You passively dampen the noise of your
                  | surroundings. [potion of mutation]
  2081 | D:3      | Lost mutation: You are vulnerable to heat. (rF-) [potion of
                  | mutation]
  2081 | D:3      | Lost mutation: You expend magic power (3 MP) to strengthen
                  | your wands. [potion of mutation]
  2081 | D:3      | Gained mutation: You are agile. (Dex +4, Str/Int -1)
                  | [potion of mutation]
  2081 | D:3      | Gained mutation: You have sharp toenails. [potion of
                  | mutation]
  2093 | D:4      | 2093 ||| PLANNING SEWER
  2099 | D:4      | Found Gozag's Platinum Reserve.
  2103 | D:4      | Found an opulent altar of Gozag.
  2124 | D:4      | 2124 ||| SHOPLISTING amulet of Nubluk {Acrobat Will++}
                  | (5100 gold, have 198).
  2202 | D:4      | 2202 ||| Stepping ~*~*~tactically~*~*~ (stealth).
  2213 | D:4      | Reached XP level 5. HP: 32/32 MP: 5/5
  2414 | D:4      | 2414 ||| DROPPING +0 whip.
  2432 | D:4      | Reached skill level 5 in Axes
  2463 | D:4      | Reached XP level 6. HP: 38/38 MP: 6/6
  2539 | D:4      | 2539 ||| Stepping ~*~*~tactically~*~*~ (stealth).
  2556 | D:4      | Found a glowing drain.
  2557 | D:4      | 2557 ||| UPGRADING to +0 cloak.
  2562 | D:4      | 2562 ||| READING 4 scrolls labelled JOKKEUSSIM.
  2563 | D:4      | 2563 ||| READING scroll labelled UJELIFREUPP.
  2564 | D:4      | 2564 ||| DRINKING 2 metallic golden potions.
  2565 | D:4      | 2565 ||| READING 3 scrolls of identify.
  2565 | D:4      | 2565 ||| IDENTIFYING coppery potion
  2566 | D:4      | 2566 ||| READING 2 scrolls of identify.
  2566 | D:4      | 2566 ||| IDENTIFYING fuming silvery potion
  2567 | D:4      | 2567 ||| DROPPING potion of enlightenment.
  2568 | D:4      | 2568 ||| DROPPING potion of berserk rage.
  2577 | Sewer    | Entered a sewer
  2849 | Sewer    | 2849 ||| Stepping ~*~*~tactically~*~*~ (water).
  2869 | Sewer    | 2869 ||| Stepping ~*~*~tactically~*~*~ (water).
  2927 | Sewer    | 2927 ||| Stepping ~*~*~tactically~*~*~ (water).
  2963 | Sewer    | 2963 ||| Stepping ~*~*~tactically~*~*~ (water).
  2985 | Sewer    | Reached skill level 1 in Dodging
  2985 | Sewer    | Reached XP level 7. HP: 35/44 MP: 7/7
  3101 | Sewer    | 3101 ||| Stepping ~*~*~tactically~*~*~ (water).
  3165 | Sewer    | Reached skill level 6 in Axes
  3329 | Sewer    | 3329 ||| READING scroll labelled PUENAU ITYWOQU.
  3330 | Sewer    | 3330 ||| DRINKING 2 black potions.
  3352 | D:4      | 3352 ||| PLANNING D:1-11
  3488 | D:4      | 3488 ||| READING scroll labelled ZAEGYMEYKAT.
  3618 | D:5      | Entered Level 5 of the Dungeon
  3630 | D:5      | HP: 7/44 [wight/+0 battleaxe (14)]
  3631 | D:5      | 3631 ||| READING scroll of teleportation.
  3631 | D:5      | Mangled by a wight

Levels and vault maps discovered:
D:1:      nicolae_arrival_washed_ashore, layout_basic
D:2:      layout_loops_ring, shapermc_ecumenical_altar_pompeii,
          minmay_misc_feat_pillars, kennysheep_generic_room_12
D:3:      layout_basic, serial_bayou_lagoon_b, uniq_robin
D:4:      layout_rooms, nicolae_gozag_zags_fifth_avenue, portal_sewer_entry_b,
          moated_statue
D:5:      layout_loops_ring, minmay_temple_entry_stoned_glass, abandoned_shop,
          uniq_crazy_yiuf_cottage

Skill      XL: |  1  2  3  4  5  6  7 |
---------------+----------------------+-----
Axes           | 2 3 4 5 6 |  6.4
Armour         | 4 5 |  5.1
Fighting       | 4 |  4.6
Dodging        | 1 |  1.9
Shields        | |  3.2

Action                     |  1- 3 |  4- 6 |  7- 9 || total
---------------------------+-------+-------+-------++-------
  Melee: War axe           |   105 |   230 |   114 ||   449
    Use: Potion            |     2 |     3 |     1 ||     6
         Scroll            |     1 |     7 |     3 ||    11
 Armour: Scale mail        |    55 |    24 |       ||    79
         Plate armour      |       |   122 |    81 ||   203
  Dodge: Dodged            |    41 |    61 |    33 ||   135
  Block: Buckler           |    18 |    38 |    30 ||    86

Table legend:
 A = Non-vault XP
 B = Vault XP
 C = Vault XP percentage of total XP
 D = Non-vault monster count
 E = Vault monster count
 F = Vault count percentage of total count
                 A         B        C        D         E       F
            +---------+---------+-------+---------+---------+-------
      Total |     443 |     747 |  62.8 |      62 |      46 |  42.6
            +---------+---------+-------+---------+---------+-------
        D:1 |      15 |       0 |   0.0 |      10 |       0 |   0.0
        D:2 |      89 |       0 |   0.0 |      25 |       0 |   0.0
        D:3 |      26 |      32 |  55.2 |       9 |      11 |  55.0
        D:4 |     231 |      10 |   4.1 |      15 |       7 |  31.8
        D:5 |      82 |       0 |   0.0 |       3 |       0 |   0.0
      Sewer |       0 |     705 | 100.0 |       0 |      28 | 100.0
            +---------+---------+-------+---------+---------+-------
